 Dungeon Crawl Stone Soup version 0.27-a0-1144-g0b7d3b79db (webtiles) character file.

Game seed: 16938490740402739148

144291 Snikeer the Severer (level 17, -11/255 HPs)
             Began as a Hill Orc Berserker on May 10, 2021.
             Was a High Priest of Trog.
             Mangled by an iron troll (34 damage)
             ... on level 1 of the Depths.
             The game lasted 01:19:37 (35592 turns).

Snikeer the Severer (Hill Orc Berserker)           Turns: 35592, Time: 01:19:38

Health: -11/255    AC: 30    Str: 29    XL:     17   Next: 39%
Magic:  0/17       EV:  9    Int:  7    God:    Trog [*****.]
Gold:   2342       SH: 15    Dex: 21    Spells: 16/16 levels left

rFire    + + .     SeeInvis +   a - +9 broad axe of Certain Death {vorpal, rC+ Dex+2}
rCold    + + .     Faith    .   K - +0 kite shield
rNeg     . . .     Spirit   +   O - +0 plate armour
rPois    .         Reflect  .   j - +2 helmet {SInv}
rElec    .         Harm     .   Z - +1 cloak {rF+}
rCorr    .         Rampage  .   o - +2 pair of gloves
Will     +++..                  R - +2 pair of boots {Fly}
Stlth    ..........             v - amulet of guardian spirit
HPRegen  1.52/turn              d - ring "Asegios" {rF+ Str+5}
MPRegen  0.15/turn              u - ring "Worghy" {rC+ Dex+6}

@: berserking, strong-willed, flying, regenerating, very quick
A: no striking features
a: Renounce Religion, Berserk, Trog's Hand, Brothers in Arms


You were on level 1 of the Depths.
You worshipped Trog.
Trog was extremely pleased with you.
You visited 5 branches of the dungeon, and saw 26 of its levels.
You also visited: Ossuary, Gauntlet and Volcano.

You collected 2927 gold pieces.
You spent 585 gold pieces at shops.

Inventory:

Hand Weapons
 a - the +9 broad axe of Certain Death (weapon) {vorpal, rC+ Dex+2}
   (Trog gifted it to you on level 5 of the Lair of Beasts)

   It inflicts extra damage upon your enemies.
   It affects your dexterity (+2).
   It protects you from cold.
 b - the +9 mace "Kouwnuc" {freeze, Int+4}
   (You found it on level 4 of the Lair of Beasts)

   It has been specially enchanted to freeze those struck by it, causing extra
   injury to most foes and up to half again as much damage against particularly
   susceptible opponents.
   It can also slow down cold-blooded creatures.
   It affects your intelligence (+4).
 l - a +5 antimagic broad axe
   (Trog gifted it to you on level 6 of the Lair of Beasts)
Missiles
 m - 41 silver javelins
 t - 20 javelins (quivered)
 w - 13 curare-tipped darts
 x - 3 throwing nets {!d}
Armour
 g - a +2 cloak of preservation
   (You took it off Maurice on level 9 of the Dungeon)
 j - a +2 helmet of see invisible (worn)
   (You bought it in a shop on level 14 of the Dungeon)
 o - a +2 pair of gloves (worn)
   (You found it on level 2 of the Dungeon)
 B - the +2 pair of boots of Resourcefulness {-Cast Regen+ rCorr Stlth+}
   (You found it on level 1 of the Depths)

   It prevents spellcasting.
   It increases your rate of health regeneration.
   It protects you from acid and corrosion.
   It makes you more stealthy.
 K - a +0 kite shield (worn)
   (You found it on level 10 of the Dungeon)
 O - a +0 plate armour (worn)
   (You took it off an orc warrior on level 9 of the Dungeon)
 R - a +2 pair of boots of flying (worn)
   (You bought it in a shop on level 2 of the Orcish Mines)
 Z - a +1 cloak of fire resistance (worn)
   (You found it in a volcano)
Jewellery
 d - the ring "Asegios" (left hand) {rF+ Str+5}
   (You acquired it on level 2 of the Lair of Beasts)

   [ring of protection from fire]

   It affects your strength (+5).
   It protects you from fire.
 u - the ring "Worghy" (right hand) {rC+ Dex+6}
   (You found it on level 6 of the Lair of Beasts)

   [ring of dexterity]

   It affects your dexterity (+6).
   It protects you from cold.
 v - an amulet of guardian spirit (around neck)
   (You found it on level 10 of the Dungeon)
Wands
 h - a wand of acid (18)
   (You found it on level 2 of the Dungeon)
 i - a wand of iceblast (19)
   (You found it on level 6 of the Dungeon)
 p - a wand of paralysis (17)
   (You found it on level 8 of the Dungeon)
 q - a wand of flame (98)
   (You found it on level 9 of the Dungeon)
 y - a wand of mindburst (14)
   (You found it in an ossuary)
Scrolls
 e - a scroll of brand weapon {unknown}
 k - 10 scrolls of identify {@r1}
 n - a scroll of enchant weapon
 A - 3 scrolls of fog
 C - a scroll of silence {unknown}
 D - a scroll of blinking {!r}
 E - 2 scrolls of fear
 S - 3 scrolls of summoning
 W - a scroll of holy word {!r}
 X - 3 scrolls of magic mapping {@r4!r}
 Y - 6 scrolls of teleportation {@r3}
Potions
 c - 6 potions of resistance
 f - a potion of magic
 r - 5 potions of attraction {!q}
 G - 3 potions of ambrosia {!q}
 H - 6 potions of haste
 I - 3 potions of invisibility
 J - 8 potions of curing {@q1}
 M - 3 potions of might
 N - 5 potions of heal wounds {@q2}
 P - 5 potions of lignification {!q}
 T - 6 potions of berserk rage {!q}
 U - 3 potions of mutation {!q}
Miscellaneous
 s - a tin of tremorstones (2/2)
   (You found it on level 15 of the Dungeon)
 z - a box of beasts
   (You found it on level 1 of the Depths)
 V - a piece from Xom's chessboard (15/15)
   (You found it on level 1 of the Depths)


   Skills:
 + Level 19.8 Fighting
 - Level 20.0 Axes
 + Level 15.4 Armour
 - Level 1.5 Dodging
 - Level 15.0 Shields
 - Level 8.0 Evocations


You had 16 spell levels left.
You didn't know any spells.
Your spell library was empty.

Dungeon Overview and Level Annotations

Branches:
Dungeon (15/15)            Temple (1/1) D:7            Lair (6/6) D:11
  Swamp (0/4) Lair:4       Spider (0/4) Lair:3        Slime (0/5) Lair:6
    Orc (2/2) D:9             Elf (0/3) Orc:2        Vaults (0/5) D:14
 Depths (2/5) D:15        Ossuary (visited)         Volcano (visited)
Gauntlet (visited)

Altars:
Elyvilon
Fedhas
Gozag
Hepliaklqana
Kikubaaqudgha
Makhleb
Nemelex Xobeh
Okawaru
Qazlal
Sif Muna
Uskayaw
Vehumet
Wu Jian
Zin
The Shining One
Beogh

Shops:
D:2 (   D:12 [[(**   D:14 [   D:15 (   Orc:2 ?*[:(

Portals:
Hell: Depths:1
Abyss: Depths:1
Pandemonium: Orc:2

Annotations:
D:6 5 runed translucent doors
D:15 Roxanne


Message History

Health restored: 170 You start waiting.
You feel the effects of Trog's Hand fading.
You start waiting.
Your skin stops crawling.
You feel less strong-willed.
You start waiting.
You feel yourself speed up.
You start waiting.
You recover from your berserk rage.
There is a stone staircase leading down, spattered with blood here.
You fly downwards.
You hear coins being counted.
An interdimensional caravan has stopped on this level and set up a bazaar.
Hurry and find its entrance before they move on!
You hear the stately tolling of a very distant bell.
The deep troll bites you! The deep troll claws you.
The deep troll claws you but does no damage.
The deep troll shaman calls upon its god to strengthen the iron troll.
The iron troll seems to grow stronger.
There is a stone staircase leading up, spattered with blood here.
You take 13 damage, and have 157/170 hp.
You now have 15/17 mp.
You slice the deep troll!!
You hear a shout!
You block the deep troll's attack. The deep troll claws you!
You block the deep troll's attack.
You take 6 damage, and have 151/170 hp.
You now have 14/17 mp.
You slash the deep troll! Trog accepts your kill.
The troll leather armour is intact enough to wear.
You cut the iron troll into ribbons!!!
You hear a grinding noise.
The deep troll shaman calls upon its god to strengthen the iron troll.
The iron troll seems to grow stronger.
You hit the iron troll but do no damage.
You hit the iron troll.
A great orb of eyes comes into view.
A deep troll earth mage comes into view.
The iron troll bites you. The iron troll claws you!
The iron troll claws you but does no damage.
You take 9 damage, and have 143/170 hp.
You slash the iron troll! x2; You block the iron troll's attack. x2
The iron troll claws you!
You take 7 damage, and have 136/170 hp.
You hit the iron troll. You slice the iron troll!! You slash the iron troll!
The iron troll bites you! The iron troll claws you.
You block the iron troll's attack.
You take 13 damage, and have 123/170 hp.
You now have 12/17 mp.
You hit the iron troll but do no damage.
You slice the iron troll!! You hit the tengu reaver.
You hit the iron troll but do no damage.
You block the iron troll's attack.
The iron troll claws you but does no damage.
The iron troll claws you!!
You take 19 damage, and have 104/170 hp.
You now have 10/17 mp.
You hit the iron troll.
You hit the iron troll but do no damage.
The tengu reaver blocks your attack.
You slice the tengu reaver!! You slash the iron troll!
You block the tengu reaver's attack.
The tengu reaver pecks you but does no damage.
The tengu reaver claws you.
You take 2 damage, and have 102/170 hp.
The tengu reaver completely misses you.
The tengu reaver pecks you but does no damage.
The tengu reaver claws you but does no damage.
The iron troll bites you! The iron troll claws you. x2
The iron troll bites you!!!
* * * LOW HITPOINT WARNING * * *
The iron troll barely misses you.
The iron troll claws you but does no damage.
The tengu reaver completely misses you. The tengu reaver pecks you.
* * * LOW HITPOINT WARNING * * *
You block the tengu reaver's attack.
You hear a shout!
You fly upwards.
There is a stone staircase leading down, spattered with blood here.
You take 53 damage, and have 49/170 hp.
MASSIVE DAMAGE!!
You now have 5/17 mp.
Your skin crawls.
You feel strong-willed. You block the tengu reaver's attack.
The tengu reaver pecks you but does no damage.
The tengu reaver claws you.
* * * LOW HITPOINT WARNING * * *
The iron troll bites you!!!
* * * LOW HITPOINT WARNING * * *
The iron troll closely misses you.
The iron troll claws you but does no damage.
The deep troll shaman bites you but does no damage.
The deep troll shaman claws you but does no damage.
You block the deep troll shaman's attack.
The tengu reaver hits you but does no damage.
The tengu reaver barely misses you. The tengu reaver completely misses you.
You take 35 damage, and have 14/170 hp.
MASSIVE DAMAGE!!
You now have 1/17 mp.
A red film seems to cover your vision as you go berserk!
You feel yourself moving faster!
You feel mighty! You block the tengu reaver's attack. x2
The tengu reaver claws you but does no damage.
The iron troll bites you!!
You die...

....8....# ###...# #.# ....8....#
#######.## ###.##### .........#
#........# #........
8888.888.###........#####........
8888.888..##............#........
....................###.^........
.....#######........# ###...#####
.....# #....T[..# ##....# .....#
#...Q@T..###.....# +#####
#...Q.T..##......### # ....###
#####.####.#..##...### ###..(#
####^.###.##..##....## ###.#
#....###.###..#.....#≈ #.#
####.#####.###...#.....≈≈
#####.###^..........#.#.......≈≈≈
.......#....<........##....P.≈≈≈≈
.......#...>.......)....[≈P.≈≈≈≈≈


You could see 2 iron trolls, 2 tengu reavers and a deep troll shaman.

Vanquished Creatures
  Sojobo (Depths:1)
  A deep elf demonologist (Depths:1)
  2 stone giants (Depths:1)
  A minotaur (Gauntlet)
  Snorg (D:11)
  2 merfolk javelineers (Depths:1)
  Josephine (D:10)
  A fire dragon (Volcano)
  Fannar (Lair:1)
  Harold (D:8)
  4 vault guards (D:14)
  Erolcha (D:13)
  Erica (D:8)
  A catoblepas (Lair:3)
  A hell beast (Gauntlet)
  5 hydras
  2 boulder beetles
  An ice dragon (Lair:6)
  15 two-headed ogres
  A death knight (D:12)
  6 centaur warriors
  20 death yaks
  A deep troll earth mage (Depths:1)
  A vampire mage (Depths:1)
  10 orc high priests
  Urug (Orc:1)
  Sonja (Orc:1)
  Nergalle (Lair:2)
  A fire crab (Lair:5)
  16 skeletal warriors
  An iron troll (D:15)
  2 shadow demons (Depths:1)
  5 deep trolls
  2 wizards (Gauntlet)
  2 phantasmal warriors
  2 infernal demonspawn (Orc:2)
  Pikel (D:8)
  A necromancer (D:15)
  6 orc sorcerers
  4 orc knights (Orc:2)
  2 deep elf pyromancers
  A deep elf zephyrmancer (D:9)
  4 ugly things
  3 oklob plants
  3 salamanders (Volcano)
  3 cyclopes
  A tengu skeleton (D:15)
  Maurice (D:9)
  5 cane toads
  5 black mambas
  A black mamba (shapeshifter) (D:15)
  3 kobold demonologists
  12 komodo dragons
  An unseen horror (D:13)
  A yaktaur (D:15)
  A tengu conjurer (Depths:1)
  An efreet (D:15)
  2 yaktaurs (shapeshifter)
  A guardian mummy (D:15)
  8 trolls
  15 polar bears
  A red devil (Orc:2)
  Grinder (D:4)
  Prince Ribbit (Lair:2)
  4 raiju (Lair:6)
  9 slime creatures
  28 blink frogs
  An ice dragon zombie (D:15)
  7 dream sheep (Lair:6)
  2 redbacks (Lair:3)
  4 water elementals (Depths:1)
  A spriggan (shapeshifter) (D:14)
  A shadow (D:11)
  4 wyverns
  2 vampires
  5 fire bats (Volcano)
  9 wraiths
  10 basilisks
  A chaos spawn (Orc:1)
  27 yaks
  A neqoxec (Orc:2)
  3 steam dragons
  8 vampire mosquitoes
  2 acid dragons
  Edmund (D:6)
  10 wargs
  A harpy simulacrum (D:14)
  A human zombie (D:15)
  14 hell hounds
  20 water moccasins
  An ice beast (D:6)
  28 orc warriors
  A swamp drake (D:9)
  A sky beast (D:6)
  A hornet zombie (D:8)
  2 necrophages
  13 black bears
  7 ogres
  2 boggarts (Depths:1)
  24 wolves
  13 centaurs
  4 lemures (D:8)
  2 elf zombies
  3 kobold brigands
  15 bullfrogs
  A wyvern zombie (D:7)
  12 killer bees
  A water moccasin skeleton (D:7)
  2 howler monkeys
  5 electric eels
  A crimson imp (D:9)
  A bullfrog zombie (D:5)
  6 centaur zombies
  A bullfrog skeleton (D:5)
  3 hounds
  3 jellies
  3 centaur skeletons
  25 orc priests
  A gnoll shaman (D:8)
  An iron imp (D:9)
  Terence (D:3)
  An iguana (D:6)
  15 orc wizards
  A killer bee zombie (D:8)
  5 hound zombies
  A hound skeleton (D:4)
  4 mummies (Ossuary)
  8 gnolls
  10 adders
  3 shadow imps
  6 white imps
  An ufetubus (D:6)
  2 adder zombies
  An adder skeleton (D:4)
  2 worms
  4 dart slugs
  64 orcs
  7 ball pythons
  11 bats
  6 endoplasms
  7 giant cockroaches
  A gnoll zombie (Ossuary)
  7 goblins
  5 hobgoblins (D:3)
  10 jackals
  3 quokkas
  A frilled lizard (D:2)
  A jackal zombie (Ossuary)
  17 kobolds
  3 orc zombies (Ossuary)
  6 rats
  2 rat zombies (Ossuary)
  A spectral hobgoblin (D:3)
  A withered plant (D:15)
782 creatures vanquished.

Vanquished Creatures (collateral kills)
  Rupert (D:12)
  A deep elf demonologist (Depths:1)
  An ettin (Orc:1)
  3 hydras
  A two-headed ogre (D:14)
  A deep elf zephyrmancer (D:9)
  An ugly thing (D:14)
  An orange demon (Orc:2)
  A rime drake (Lair:4)
  A slime creature (D:14)
  A neqoxec (Orc:2)
  2 water moccasins (Lair:4)
  A howler monkey (D:14)
  An electric eel (Lair:4)
  An orc priest (Orc:2)
18 creatures vanquished.

Vanquished Creatures (others)
  An orc (D:9)
  30 fungi
  76 plants
  6 withered plants
113 creatures vanquished.

Grand Total: 913 creatures vanquished

Notes
Turn   | Place    | Note
-------+----------+-------------------------------------------
     0 | D:1      | Snikeer the Hill Orc Berserker began the quest for the Orb.
     0 | D:1      | Reached XP level 1. HP: 19/19 MP: 1/1
   254 | D:1      | Reached skill level 4 in Fighting
   254 | D:1      | Reached XP level 2. HP: 19/27 MP: 2/2
  1205 | D:1      | Reached XP level 3. HP: 27/34 MP: 3/3
  1552 | D:2      | Reached skill level 5 in Axes
  1649 | D:2      | Reached ** piety under Trog
  2225 | D:2      | Reached XP level 4. HP: 31/41 MP: 4/4
  2400 | D:2      | Found Vuyno's Antique Weapon Shop.
  2609 | D:3      | Noticed Terence
  2610 | D:3      | Reached skill level 5 in Fighting
  2629 | D:3      | Killed Terence
  2898 | D:3      | Found a faded altar of an unknown god.
  2975 | D:2      | Reached XP level 5. HP: 20/48 MP: 5/5
  3169 | D:2      | Reached skill level 6 in Axes
  3172 | D:2      | HP: 9/48 [poisoned by an orc wizard]
  3176 | D:2      | HP: 4/48 [poisoned by an orc wizard]
  3625 | D:3      | Reached skill level 6 in Fighting
  3709 | D:3      | Reached *** piety under Trog
  3779 | D:3      | Reached XP level 6. HP: 57/57 MP: 6/6
  4030 | D:3      | Noticed a black bear
  4040 | D:3      | Killed a black bear
  4041 | D:3      | Reached skill level 7 in Axes
  4131 | D:3      | Found a hazy altar of Hepliaklqana.
  5075 | D:4      | Noticed Grinder
  5134 | D:4      | Killed Grinder
  5135 | D:4      | Reached skill level 7 in Fighting
  5135 | D:4      | Reached skill level 8 in Axes
  5135 | D:4      | Reached XP level 7. HP: 44/66 MP: 7/7
  5518 | D:4      | Found an ancient bone altar of Kikubaaqudgha.
  5608 | D:5      | Entered Level 5 of the Dungeon
  5642 | D:5      | Identified a scroll of acquirement
  5783 | D:5      | Found a sand-covered staircase.
  5788 | Ossuary  | Entered an ossuary
  5807 | Ossuary  | Reached skill level 8 in Fighting
  6210 | D:5      | Reached skill level 9 in Axes
  6210 | D:5      | Reached XP level 8. HP: 72/74 MP: 8/8
  6642 | D:5      | Reached **** piety under Trog
  6710 | D:5      | Reached skill level 9 in Fighting
  6790 | D:5      | Found a stormy altar of Qazlal.
  6860 | D:5      | Found a blossoming altar of Fedhas.
  7128 | D:6      | Reached skill level 10 in Axes
  7285 | D:6      | Found a runed translucent door.
  7286 | D:6      | Found a runed translucent gate.
  7287 | D:6      | Found a runed translucent gate.
  7352 | D:6      | Noticed a redback
  7352 | D:6      | Noticed a redback
  7353 | D:6      | Found a runed translucent gate.
  7353 | D:6      | Noticed a redback
  7353 | D:6      | Noticed a redback
  7354 | D:6      | Found a runed translucent door.
  7381 | D:6      | Noticed Edmund
  7392 | D:6      | Reached skill level 10 in Fighting
  7397 | D:6      | Killed Edmund
  7444 | D:6      | Reached XP level 9. HP: 61/86 MP: 9/9
  7715 | D:6      | Reached skill level 11 in Fighting
  7965 | D:6      | Found an ornate altar of the Wu Jian Council.
  8170 | D:7      | Found a radiant altar of Vehumet.
  8280 | D:7      | Reached skill level 1 in Evocations
  8508 | D:7      | Reached skill level 2 in Evocations
  8932 | D:7      | Reached skill level 3 in Evocations
  8933 | D:7      | Reached skill level 12 in Fighting
  9306 | D:7      | Found a staircase to the Ecumenical Temple.
  9323 | D:7      | Reached skill level 4 in Evocations
  9911 | Temple   | Entered the Ecumenical Temple
 10151 | D:8      | Acquired a manual of Fighting
 10178 | D:8      | Reached skill level 5 in Evocations
 10178 | D:8      | Reached XP level 10. HP: 87/100 MP: 10/10
 10233 | D:8      | Noticed a deep troll
 10233 | D:8      | Noticed a skeletal warrior
 10234 | D:8      | Noticed a catoblepas
 10235 | D:8      | Noticed a manticore
 10237 | D:8      | Noticed a tengu warrior
 10238 | D:8      | Noticed a boulder beetle
 10274 | D:8      | Found a burning altar of Makhleb.
 10276 | D:8      | Found a glowing golden altar of the Shining One.
 10291 | D:8      | Reached ***** piety under Trog
 10294 | D:8      | Reached skill level 13 in Fighting
 10338 | D:8      | Noticed Erica
 10347 | D:8      | Killed Erica
 10348 | D:8      | Reached skill level 6 in Evocations
 10349 | D:8      | Noticed Pikel
 10353 | D:8      | Noticed Harold
 10368 | D:8      | Killed Pikel
 10369 | D:8      | Reached skill level 14 in Fighting
 10374 | D:8      | Killed Harold
 10375 | D:8      | Reached skill level 7 in Evocations
 10622 | D:8      | Noticed a two-headed ogre
 10627 | D:8      | Killed a two-headed ogre
 10628 | D:8      | Reached skill level 15 in Fighting
 10753 | D:8      | Found a hide-covered altar of Uskayaw.
 10753 | D:8      | Found an iron altar of Okawaru.
 11371 | D:8      | Reached skill level 8 in Evocations
 11428 | D:9      | Reached skill level 16 in Fighting
 11602 | D:9      | Noticed a two-headed ogre
 11608 | D:9      | Killed a two-headed ogre
 11609 | D:9      | Reached XP level 11. HP: 69/116 MP: 11/11
 11820 | D:9      | Reached skill level 17 in Fighting
 12171 | D:9      | Found a roughly hewn altar of Beogh.
 12171 | D:9      | Found a staircase to the Orcish Mines.
 12231 | D:9      | Reached skill level 18 in Fighting
 12911 | D:9      | Noticed Maurice
 12919 | D:9      | Reached skill level 19 in Fighting
 12923 | D:9      | Killed Maurice
 12988 | D:9      | Noticed a deep elf zephyrmancer
 12991 | D:9      | Noticed a deep elf zephyrmancer
 12993 | D:9      | HP: 30/123 [deep elf zephyrmancer/bolt of lightning (25)]
 12996 | D:9      | HP: 14/184 [deep elf zephyrmancer/+1 short sword of
                  | distortion (4)]
 12998 | D:9      | Killed a deep elf zephyrmancer
 13000 | D:9      | Killed a deep elf zephyrmancer
 13554 | D:10     | Entered Level 10 of the Dungeon
 13703 | D:10     | Reached skill level 3 in Armour
 14004 | D:9      | Reached skill level 4 in Armour
 14055 | D:10     | Reached skill level 5 in Armour
 14260 | D:10     | Reached XP level 12. HP: 130/130 MP: 7/12
 14391 | D:10     | Noticed Josephine
 14393 | D:10     | Reached skill level 6 in Armour
 14407 | D:10     | Killed Josephine
 14408 | D:10     | Reached skill level 7 in Armour
 14775 | D:10     | HP: 44/195 [skeletal warrior/+0 dire flail[a skeletal
                  | warrior] (6)]
 14777 | D:10     | Reached skill level 8 in Armour
 15382 | D:11     | Found a staircase to the Lair.
 15558 | D:11     | Reached skill level 9 in Armour
 15701 | D:11     | Reached skill level 10 in Armour
 16002 | D:11     | Noticed a two-headed ogre
 16010 | D:11     | Killed a two-headed ogre
 16011 | D:11     | Reached skill level 1 in Shields
 16120 | D:11     | Reached skill level 2 in Shields
 16372 | D:11     | Noticed a boulder beetle
 16384 | D:11     | Killed a boulder beetle
 16564 | D:11     | Noticed an eight-headed hydra
 16570 | D:11     | Killed a nine-headed hydra
 16571 | D:11     | Reached skill level 3 in Shields
 16662 | Orc:1    | Entered Level 1 of the Orcish Mines
 16665 | Orc:1    | Noticed an orc high priest
 16674 | D:9      | Received a gift from Trog
 16740 | D:9      | Reached skill level 11 in Axes
 16747 | D:9      | Reached skill level 4 in Shields
 16964 | D:9      | Noticed a sun demon
 16967 | D:9      | Killed an orc high priest
 17046 | Orc:1    | Reached skill level 5 in Shields
 17287 | Orc:1    | Found a roughly hewn altar of Beogh.
 17352 | Orc:1    | Noticed Urug
 17358 | Orc:1    | Killed Urug
 17371 | Orc:1    | Noticed an ettin
 17374 | Orc:1    | Killed an ettin
 17375 | Orc:1    | Reached XP level 13. HP: 138/138 MP: 13/13
 17609 | Orc:2    | Entered Level 2 of the Orcish Mines
 17609 | Orc:2    | Found a staircase to the Elven Halls.
 17609 | Orc:2    | Noticed Sonja
 17627 | Orc:1    | Killed Sonja
 17628 | Orc:1    | Reached skill level 12 in Axes
 18080 | Orc:1    | Reached skill level 6 in Shields
 18107 | Orc:2    | Paralysed by an orc sorcerer for 2 turns
 18379 | Orc:2    | Found Qysm's Weapon Shoppe.
 18679 | Orc:2    | Found Fitoas's General Store.
 19114 | Orc:2    | Found Jagou's Magic Scroll Emporium.
 19411 | Orc:2    | Reached skill level 13 in Axes
 19823 | Orc:2    | Reached skill level 7 in Shields
 19955 | Orc:2    | Reached skill level 14 in Axes
 19965 | Orc:2    | HP: 34/138 [orc high priest/+0 glaive of flaming (5)]
 19966 | Orc:2    | HP: 16/134 [orc high priest/+0 glaive of flaming (2)]
 20593 | Orc:2    | Reached skill level 8 in Shields
 20814 | Orc:2    | Found Umimo's Book Boutique.
 20814 | Orc:2    | Found Sagucet's Antique Armour Shop.
 20815 | Orc:2    | Found a one-way gate leading to the halls of Pandemonium.
 20851 | Orc:2    | Bought a +0 pair of boots of flying for 161 gold pieces
 20977 | Lair:1   | Entered Level 1 of the Lair of Beasts
 21290 | Lair:1   | Reached skill level 15 in Axes
 21573 | Lair:1   | Noticed Fannar
 21598 | Lair:1   | Killed Fannar
 21781 | Lair:1   | Reached XP level 14. HP: 146/146 MP: 14/14
 21843 | Lair:1   | Reached skill level 9 in Shields
 22273 | Lair:2   | Noticed Nergalle
 22294 | Lair:2   | Killed Nergalle
 22398 | Lair:2   | Reached skill level 16 in Axes
 22772 | Lair:2   | Found a dark tunnel.
 22794 | Lair:2   | Noticed Prince Ribbit
 22810 | Lair:2   | Reached skill level 10 in Shields
 22850 | Volcano  | Entered a volcano
 22977 | Volcano  | Reached skill level 11 in Shields
 23297 | Volcano  | Reached skill level 12 in Shields
 23952 | Lair:2   | Acquired the ring "Asegios" {rF+ Str+5}
 24183 | Lair:2   | Killed Prince Ribbit
 24518 | Lair:3   | Reached skill level 13 in Shields
 24937 | Orc:2    | Bought a scroll of identify for 34 gold pieces
 24937 | Orc:2    | Bought a scroll of identify for 34 gold pieces
 24937 | Orc:2    | Bought a scroll of identify for 34 gold pieces
 25196 | Lair:3   | Found a hole to the Spider Nest.
 25710 | Lair:4   | Reached XP level 15. HP: 152/152 MP: 15/15
 25729 | Lair:4   | Identified the +9 mace "Kouwnuc" {freeze, Int+4}
 25737 | Lair:4   | Found a staircase to the Swamp.
 25923 | Lair:4   | Reached skill level 14 in Shields
 26275 | Lair:4   | Reached skill level 15 in Shields
 26802 | Lair:5   | Identified the +9 broad axe of Certain Death {vorpal, rC+
                  | Dex+2} (Trog gifted it to you on level 5 of the Lair of
                  | Beasts)
 26802 | Lair:5   | Received a gift from Trog
 27143 | Lair:5   | You are sucked into a shaft and drop 1 floor!
 27143 | Lair:6   | Entered Level 6 of the Lair of Beasts
 27174 | Lair:6   | Reached skill level 11 in Armour
 27193 | Lair:6   | Found a gate leading to a gauntlet.
 27197 | Gauntlet | Entered a Gauntlet
 27197 | Gauntlet | Found a transporter.
 27236 | Gauntlet | Found a transporter.
 27261 | Gauntlet | Found a transporter.
 27261 | Gauntlet | Found a transporter.
 27289 | Gauntlet | Found a transporter.
 27305 | Gauntlet | Found a transporter.
 27316 | Gauntlet | Found a transporter.
 27358 | Gauntlet | Found a transporter.
 27358 | Gauntlet | Found a transporter.
 27364 | Gauntlet | Found a transporter.
 27389 | Gauntlet | Found a transporter.
 27393 | Gauntlet | Found a transporter.
 27573 | Gauntlet | Identified the -3 pair of boots of Fashionability {rCorr
                  | Dex-3 Stlth+}
 27660 | Gauntlet | Identified the +10 war axe of Kessana {vorpal, Int+5 Dex+4}
 27664 | Gauntlet | Identified the ring of Skepticism {Fire Str-5 Int+4 Slay+2}
 27906 | Lair:6   | Reached skill level 17 in Axes
 28475 | Lair:6   | Reached skill level 12 in Armour
 28535 | Lair:6   | Reached XP level 16. HP: 133/161 MP: 11/16
 28540 | Lair:6   | Received a gift from Trog
 28858 | Lair:6   | Identified the ring "Worghy" {rC+ Dex+6}
 29132 | Lair:6   | Reached skill level 18 in Axes
 29359 | Lair:6   | Found a staircase to the Slime Pits.
 29581 | D:12     | Noticed Rupert
 29644 | D:12     | Found Raasore's Antique Armour Shoppe.
 29674 | D:12     | Found Ream's Armour Shoppe.
 29779 | D:12     | Noticed Snorg
 29823 | D:11     | Killed Snorg
 29824 | D:11     | Reached skill level 13 in Armour
 30325 | D:12     | Found Yseciure's Assorted Antiques.
 30362 | D:12     | Killed Rupert
 30392 | D:12     | Found Uqaeppis's Antique Weapon Boutique.
 30617 | D:12     | Found Vacod's General Store.
 30910 | D:13     | Noticed Erolcha
 30968 | D:13     | Reached skill level 19 in Axes
 30983 | D:13     | Killed Erolcha
 31433 | D:14     | Found Wyl Avak's Armour Shop.
 31442 | D:14     | Bought a +2 helmet of see invisible for 322 gold pieces
 31477 | D:14     | Received a gift from Trog
 31513 | D:14     | Found a shimmering blue altar of Sif Muna.
 31665 | D:14     | Reached skill level 14 in Armour
 31728 | D:14     | Found a gate to the Vaults.
 31934 | D:14     | Identified the +8 lajatang "Kaulomo" {drain, rPois rC+
                  | Dex+2}
 32093 | D:14     | Identified the +4 rapier "Zuuph" {speed, rC+}
 32241 | D:15     | Entered Level 15 of the Dungeon
 32340 | D:15     | Found a glowing golden altar of the Shining One.
 32341 | D:15     | Found a white marble altar of Elyvilon.
 32343 | D:15     | Found a glowing silver altar of Zin.
 32396 | D:15     | Noticed Roxanne
 32562 | D:15     | Found Dausozuh's Antique Weapon Boutique.
 32597 | D:15     | Found a staircase to the Depths.
 33352 | D:15     | Reached XP level 17. HP: 155/168 MP: 15/17
 33568 | Depths:1 | Entered Level 1 of the Depths
 33605 | Depths:1 | Identified the +3 spear of Ymmara Zier {vorpal, Dex+3}
 34103 | Depths:1 | Reached skill level 20 in Axes
 34697 | Depths:1 | Found a one-way gate to the infinite horrors of the Abyss.
 34940 | Depths:1 | Found a gateway to Hell.
 34956 | Depths:1 | Found a shimmering blue altar of Sif Muna.
 34972 | Depths:1 | Paralysed by a great orb of eyes for 3 turns
 34973 | Depths:1 | Reached skill level 15 in Armour
 35261 | Depths:1 | Noticed a Tzitzimitl
 35310 | Depths:1 | Identified the amulet "Vewk" {RegenMP Harm +Blink Str+4
                  | Dex-5}
 35314 | Depths:1 | Noticed an Executioner
 35382 | Depths:1 | Identified the +2 pair of boots of Resourcefulness {-Cast
                  | Regen+ rCorr Stlth+}
 35510 | Depths:2 | Noticed Sojobo
 35534 | Depths:1 | Killed Sojobo
 35591 | Depths:1 | HP: 14/170 [iron troll (35)]
 35592 | Depths:1 | Mangled by an iron troll

Illustrated notes

Levels and vault maps discovered:
D:1:      psy_arrival_fountain, layout_basic
D:2:      layout_loops_ring, serial_shops, nicolae_shop_behind_doors
D:3:      kb_forest_paths, layout_loops_ring,
          nicolae_hepliaklqana_monster_ancestors, basic_ecumenical_altar,
          uniq_terence
D:4:      layout_basic, kiku_gazebo_pond_becter, chequers_serial_rivers_large_a,
          uniq_grinder
D:5:      layout_rooms, grunt_temple_overflow_forces_of_nature,
          nicolae_ossuary_entry_false_entrances, minivault_27,
          lemuel_old_faithful
D:6:      layout_rooms, pdpol_wu_jian_five_deadly_venoms,
          minmay_misc_feat_diagonals, dk_noncrumbling_4, nrook_loot_triangle,
          minmay_guarded_unrand_staff_of_olgreb, uniq_edmund
D:7:      layout_loops_corners, kennysheep_little_box, minmay_temple_entry_grid,
          nrook_pool_corridor, minmay_puff
D:8:      layout_rooms, gammafunk_temple_overflow_pools,
          chequers_temple_overflow_statue_of_worship,
          onia_ninara_dug_in_and_dangerous, uniq_erica, uniq_pikel, uniq_harold
D:9:      layout_basic, david_orc_5, hangedman_minor_magic, uniq_maurice
D:10:     layout_rooms, minivault_19, hangedman_decor_slide_cut,
          nicolae_sextant, uniq_josephine
D:11:     layout_irregular_city, erik_lair_orcish_takeover
D:12:     layout_big_octagon, serial_column_ruins, column_ruins_hut,
          column_ruins_columns_straight, column_ruins_grid_3,
          column_ruins_columns_corner, column_ruins_open_medium, serial_shops,
          shop, nicolae_shop_trees, shop, nicolae_shop_waterfront, shop,
          uniq_snorg, uniq_rupert
D:13:     layout_rooms, uniq_erolcha
D:14:     layout_irregular_city, lightli_vaults_fourway_checkpoint,
          serial_shops, shop, nicolae_sif_muna_condensation,
          minmay_misc_feat_roman
D:15:     gammafunk_depths_entry_grave, layout_loops_corners, serial_shops,
          shop_fountains, good_gods_temple_1, serial_glass, glass_columns_b,
          glass_columns_b, uniq_roxanne
Temple:   hc_temple_tempest_star
Lair:1:   layout_regular_city, beast_lair_carwin_11, serial_bayou_shore_b,
          grunt_megastairs_1, uniq_fannar
Lair:2:   layout_loops_ring, nicolae_volcano_entry_s_turn, serial_bayou_shore_a,
          minmay_lair_oklob_chamber, uniq_prince_ribbit2, uniq_nergalle
Lair:3:   layout_hall_layers, spider_nest_entry_a
Lair:4:   layout_hall_layers, minmay_swamp_entry_eels,
          chequers_serial_rivers_room_a
Lair:5:   layout_cave_pods
Lair:6:   hangedman_lair_caniforms_friends, layout_regular_city, wormcave,
          minmay_slime_entry_oklob_enclosed, gauntlet_entry_generic,
          st_stairs_5, bobbens_ice_dragon_lair
Orc:1:    layout_caves, basic_altar, uniq_urug
Orc:2:    pf_orc_diabolical, layout_caves, serial_shops,
          nicolae_shop_competitors_out_of_business, nicolae_orc_lava_room,
          uniq_sonja
Depths:1: layout_roguey, hell_entry, hellmonk_bongcloud_opening,
          abyss_entry_glasseish, chequers_big_river, minivault_1,
          hangedman_summoners_spam
Depths:2: cheibrodos_tormentor_scu, layout_small_grid, rand_demon_pan_entry_4,
          hell_entry, serial_bayou_shore_b, serial_shops, bzr_entry_customers,
          minmay_staircase_windowed_small, uniq_sojobo

Skill      XL: |  1  2  3  4  5  6  7  8  9 10 11 12 13 14 15 16 17 |
---------------+----------------------------------------------------+-----
Fighting       | 4 5 6 7 8 10 12 16 19 | 19.8
Axes           | 5 6 8 9 10 11 15 16 17 19 20 | 20.0
Evocations     | 5 8 |  8.0
Armour         | 5 10 12 14 15 | 15.4
Shields        | 5 8 13 15 | 15.0
Dodging        | |  1.5

Action                   |  1- 3 |  4- 6 |  7- 9 | 10-12 | 13-15 | 16-18 || total
-------------------------+-------+-------+-------+-------+-------+-------++-------
Melee: Hand axe          |   122 |   244 |   427 |    15 |       |       ||   808
       War axe           |       |       |       |   496 |   796 |       ||  1292
       Broad axe         |       |       |       |       |   190 |   470 ||   660
       Mace              |       |       |       |       |    31 |       ||    31
Throw: Javelin           |       |       |       |       |       |     1 ||     1
Invok: Berserk           |       |     4 |     7 |    19 |    14 |     7 ||    51
       Trog's Hand       |       |     2 |       |     5 |     5 |     4 ||    16
       Brothers in Arms  |       |       |       |     3 |     4 |     4 ||    11
  Use: Scroll            |       |       |    21 |     2 |    16 |       ||    39
       Potion            |       |       |       |     1 |     1 |       ||     2
Armor: Animal skin       |    35 |       |       |       |       |       ||    35
       Scale mail        |    17 |    87 |    25 |       |       |       ||   129
       Chain mail        |       |       |   219 |   334 |       |       ||   553
       Plate armour      |       |       |       |    41 |   431 |   269 ||   741
Dodge: Dodged            |    76 |   120 |   152 |   223 |   163 |   127 ||   861
Block: Kite shield       |       |       |       |   121 |   490 |   310 ||   921

Table legend: (Time is in decaauts)
 A = Elapsed time spent in this place.
 B = Non-inter-level travel time spent in this place.
 C = Inter-level travel time spent in this place.
 D = Time resting spent in this place.
 E = Time spent auto-exploring this place.
 F = Levels seen in this place.
 G = Mean time per level.
                   A        B        C        D        E       F      G
               +--------+--------+--------+--------+--------+-----+--------+
         Total |  35780 |  33201 |   2579 |   5184 |  21847 |  29 | 1233.8 |
       Dungeon |  21443 |  19739 |   1704 |   2882 |  13621 |  15 | 1429.5 |
        Temple |      1 |      1 |      0 |      0 |      0 |   1 |    1.0 |
          Lair |   6477 |   5973 |    504 |    106 |   4640 |   6 | 1079.5 |
  Orcish Mines |   4131 |   3862 |    269 |   1893 |   1076 |   2 | 2065.5 |
        Depths |   1610 |   1509 |    101 |    102 |   1119 |   2 |  805.0 |
       Ossuary |    370 |    370 |      0 |     53 |    255 |   1 |  370.0 |
       Volcano |   1072 |   1072 |      0 |    145 |    683 |   1 | 1072.0 |
      Gauntlet |    674 |    674 |      0 |      0 |    453 |   1 |  674.0 |
               +--------+--------+--------+--------+--------+-----+--------+

Top non-repeatable levels by time:
     D:9: 2942 daAuts
   Orc:2: 2684 daAuts
     D:7: 1972 daAuts
    D:10: 1684 daAuts
    D:15: 1662 daAuts
     D:2: 1644 daAuts
    D:11: 1619 daAuts
Depths:1: 1598 daAuts
  Lair:6: 1596 daAuts
     D:1: 1539 daAuts
     D:4: 1478 daAuts
   Orc:1: 1446 daAuts
  Lair:1: 1323 daAuts
  Lair:2: 1252 daAuts
     D:3: 1207 daAuts

Table legend:
 A = Kills in this place as a percentage of kills in entire the game.
 B = Kills by you in this place as a percentage of kills by you in the entire game.
 C = Kills by friends in this place as a percentage of kills by friends in the entire game.
 D = Other kills in this place as a percentage of other kills in the entire game.
 E = Experience gained in this place as a percentage of experience gained in the entire game.
 F = Experience gained in this place divided by the number of levels of this place that you have seen.
                   A       B       C       D       E      F
               +-------+-------+-------+-------+-------+----------------------
         Total | 100.0 | 100.0 | 100.0 |   N/A | 100.0 | 7107.9
       Dungeon |  52.5 |  52.8 |  38.9 |   N/A |  37.4 | 5132.9
          Lair |  27.8 |  27.7 |  33.3 |   N/A |  33.0 | 11349.0
  Orcish Mines |   9.6 |   9.3 |  22.2 |   N/A |   9.3 | 9634.5
        Depths |   3.1 |   3.1 |   5.6 |   N/A |  10.8 | 11089.0
       Ossuary |   2.0 |   2.1 |   0.0 |   N/A |   0.1 | 247.0
       Volcano |   3.9 |   4.0 |   0.0 |   N/A |   7.6 | 15710.0
      Gauntlet |   1.1 |   1.2 |   0.0 |   N/A |   1.8 | 3639.0
               +-------+-------+-------+-------+-------+----------------------
